PA
SOUTH BEACH BLAZE @ IDAHO FALLS CHUKARS
05/19/2029
 
TOP OF THE 1ST
South Beach Blaze batting - Pitching for Idaho Falls Chukars : RHP Ed Shreves
Pitching: RHP Ed Shreves
Batting: RHB Stanley van de Ven 0-0: Ball
1-0: Ball
2-0: Ball
3-0: Base on Balls
Batting: RHB Harlan Peppers 0-0: Foul Ball, location: 2F
0-1: Ball
1-1: Swinging Strike
1-2: Grounds into double play, 6-4-3 (Groundball, 6)
Batting: SHB Serious Lee 0-0: Called Strike
0-1: Ground out 4-3 (Groundball, 4)
Top of the 1st over - 0 runs, 0 hits, 0 errors, 0 left on base; South Beach 0 - Idaho Falls 0
BOTTOM OF THE 1ST
Idaho Falls Chukars batting - Pitching for South Beach Blaze : RHP Darren Minich
Pitching: RHP Darren Minich
Batting: LHB Juan Rosado 0-0: Ground out 4-3 (Groundball, 4MS)
Batting: LHB Jared Morningstar 0-0: Ball
1-0: Ball
2-0: Ground out U3 (Groundball, 34)
Batting: RHB Ilkka Haapajarvi 0-0: Ball
1-0: Foul Ball, location: 2F
1-1: Foul Ball, location: 2F
1-2: Ball
2-2: Foul Ball, location: 2F
2-2: SINGLE (Flyball, 89S)
Batting: LHB Víctor Puente 0-0: Ball
Ilkka Haapajarvi is caught stealing 2nd base
Bottom of the 1st over - 0 runs, 1 hit, 0 errors, 0 left on base; South Beach 0 - Idaho Falls 0
TOP OF THE 2ND
South Beach Blaze batting - Pitching for Idaho Falls Chukars : RHP Ed Shreves
Batting: LHB Sepulveda Zambrano 0-0: Called Strike
0-1: Swinging Strike
0-2: Fly out, F8 (Flyball, 8RM)
Batting: LHB Raymond Graham 0-0: Called Strike
0-1: Foul Ball, location: 2F
0-2: Ball
1-2: Foul Ball, location: 2F
1-2: Ball
2-2: Ground out 5-3 (Groundball, 56S)
Batting: LHB Marcel Escoda 0-0: Called Strike
0-1: Called Strike
0-2: Ball
1-2: Fly out, F8 (Flyball, 89D)
Top of the 2nd over - 0 runs, 0 hits, 0 errors, 0 left on base; South Beach 0 - Idaho Falls 0
BOTTOM OF THE 2ND
Idaho Falls Chukars batting - Pitching for South Beach Blaze : RHP Darren Minich
Batting: LHB Víctor Puente 0-0: Ball
1-0: Foul Ball, location: 2F
1-1: Swinging Strike
1-2: SINGLE (Groundball, 34D)
Batting: SHB Tony Manzanares 0-0: Ball
1-0: Ball
2-0: Called Strike
2-1: TRIPLE (Line Drive, 78XD)
Víctor Puente scores
Batting: RHB Fytor Ceia 0-0: Called Strike
0-1: Called Strike
0-2: Fly out, F8 (Flyball, 78XD)
Runner from 3rd tags up, SCORES, no throw
Batting: SHB Ernesto Carrión 0-0: Foul Ball, location: 2F
0-1: Foul Ball, location: 2F
0-2: Ball
1-2: SINGLE (Groundball, 4S) (infield hit)
Batting: RHB Yoichibei Chikafuji 0-0: Ball
1-0: Foul Ball, location: 2F
1-1: Ball
2-1: Called Strike
2-2: Ball
3-2: Foul Ball, location: 2F
3-2: DOUBLE (Line Drive, 89D)
Ernesto Carrión to third
Batting: LHB Wulf Paauwe 0-0: SINGLE (Flyball, 89S)
Ernesto Carrión scores
Yoichibei Chikafuji to third
Batting: LHB Juan Rosado 0-0: Foul Ball, location: 2F
0-1: Ball
1-1: Fly out, F9 (Flyball, 9)
Runner from 3rd tags up, SCORES, throw made
Batting: LHB Jared Morningstar 0-0: Ball
1-0: Ball
2-0: Ball
Wild Pitch!
Wulf Paauwe to second
3-0: Base on Balls
Batting: RHB Ilkka Haapajarvi 0-0: Called Strike
0-1: Ball
1-1: TRIPLE (Groundball, 3L)
Wulf Paauwe scores
Jared Morningstar scores
Batting: LHB Víctor Puente 0-0: Ball
1-0: Ground out 4-3 (Groundball, 4S)
Bottom of the 2nd over - 6 runs, 6 hits, 0 errors, 1 left on base; South Beach 0 - Idaho Falls 6
TOP OF THE 3RD
South Beach Blaze batting - Pitching for Idaho Falls Chukars : RHP Ed Shreves
Batting: RHB Daniel Bertrand 0-0: SINGLE (Popup, 3D)
Batting: RHB Greg Schiff 0-0: Ball
1-0: Called Strike
1-1: Ball
2-1: Called Strike
2-2: Strikes out swinging
Batting: RHB Ed Bowers 0-0: Fly out, F7 (Flyball, 7LM)
Batting: RHB Stanley van de Ven 0-0: Ball
1-0: Foul Ball, location: 2F
1-1: Called Strike
1-2: Foul Ball, location: 2F
1-2: Ball
2-2: Strikes out looking
Top of the 3rd over - 0 runs, 1 hit, 0 errors, 1 left on base; South Beach 0 - Idaho Falls 6
BOTTOM OF THE 3RD
Idaho Falls Chukars batting - Pitching for South Beach Blaze : RHP Darren Minich
Batting: SHB Tony Manzanares 0-0: Foul Ball, location: 2F
0-1: Fly out, F9 (Flyball, 89S)
Batting: RHB Fytor Ceia 0-0: Reached via error on a dropped throw, E3
Batting: SHB Ernesto Carrión 0-0: Ball
1-0: Ball
2-0: Ball
3-0: Called Strike
3-1: Called Strike
3-2: Foul Ball, location: 2F
3-2: Base on Balls
Fytor Ceia to second
Batting: RHB Yoichibei Chikafuji 0-0: Fielders Choice at 2nd, 1-6 (Groundball, P)
Fytor Ceia to third
Batting: LHB Wulf Paauwe 0-0: Called Strike
0-1: SINGLE (Flyball, 9LS)
Fytor Ceia scores
Yoichibei Chikafuji to second
Runner from 2nd tries for 3rd, SAFE, no throw
Batting: LHB Juan Rosado 0-0: Ball
1-0: Called Strike
1-1: Ball
2-1: Ground out 3-1 (Groundball, 34S)
Bottom of the 3rd over - 1 run, 1 hit, 1 error, 2 left on base; South Beach 0 - Idaho Falls 7
TOP OF THE 4TH
South Beach Blaze batting - Pitching for Idaho Falls Chukars : RHP Ed Shreves
Batting: RHB Harlan Peppers 0-0: Swinging Strike
0-1: Ball
1-1: Ground out 5-3 (Groundball, 5)
Batting: SHB Serious Lee 0-0: Ball
1-0: Ball
2-0: Fly out, F8 (Flyball, 8LM)
Batting: LHB Sepulveda Zambrano 0-0: Fly out, F8 (Flyball, 8RS)
Top of the 4th over - 0 runs, 0 hits, 0 errors, 0 left on base; South Beach 0 - Idaho Falls 7
BOTTOM OF THE 4TH
Idaho Falls Chukars batting - Pitching for South Beach Blaze : RHP Darren Minich
Batting: LHB Jared Morningstar 0-0: Called Strike
0-1: Ball
1-1: SINGLE (Flyball, 8RS)
Batting: RHB Ilkka Haapajarvi 0-0: Ball
1-0: Foul Ball, location: 2F
1-1: Called Strike
1-2: DOUBLE (Groundball, 5L)
Jared Morningstar to third
Batting: LHB Víctor Puente 0-0: Called Strike
0-1: Ball
1-1: Foul Ball, location: 2F
1-2: Foul Ball, location: 2F
1-2: SINGLE (Groundball, 34S) (infield hit)
Jared Morningstar scores
Ilkka Haapajarvi to third
Batting: SHB Tony Manzanares 0-0: Swinging Strike
0-1: Ball
1-1: Fly out, F7 (Flyball, 78M)
Runner from 3rd tags up, SCORES, throw made
Batting: RHB Fytor Ceia 0-0: Called Strike
0-1: Ball
1-1: Ball
2-1: Ball
3-1: Grounds into double play, 5-4-3 (Groundball, 5)
Bottom of the 4th over - 2 runs, 3 hits, 0 errors, 0 left on base; South Beach 0 - Idaho Falls 9
TOP OF THE 5TH
South Beach Blaze batting - Pitching for Idaho Falls Chukars : RHP Ed Shreves
Batting: LHB Raymond Graham 0-0: Ball
1-0: Foul Ball, location: 2F
1-1: Fly out, F3 (Line Drive, 34)
Batting: LHB Marcel Escoda 0-0: Ground out 4-3 (Groundball, 4)
Batting: RHB Daniel Bertrand 0-0: Ball
1-0: Swinging Strike
1-1: Foul Ball, location: 2F
1-2: Foul Ball, location: 2F
1-2: Ball
2-2: Strikes out swinging
Top of the 5th over - 0 runs, 0 hits, 0 errors, 0 left on base; South Beach 0 - Idaho Falls 9
BOTTOM OF THE 5TH
Idaho Falls Chukars batting - Pitching for South Beach Blaze : RHP Darren Minich
Batting: SHB Ernesto Carrión 0-0: Ball
1-0: Foul Ball, location: 2F
1-1: Foul Ball, location: 2F
1-2: Ground out 4-3 (Groundball, 4)
Batting: RHB Yoichibei Chikafuji 0-0: Ground out 6-3 (Groundball, 6)
Batting: LHB Wulf Paauwe 0-0: Called Strike
0-1: Ground out 1-3 (Groundball, P)
Bottom of the 5th over - 0 runs, 0 hits, 0 errors, 0 left on base; South Beach 0 - Idaho Falls 9
TOP OF THE 6TH
South Beach Blaze batting - Pitching for Idaho Falls Chukars : RHP Ed Shreves
Batting: RHB Greg Schiff 0-0: Ball
1-0: Ball
2-0: Called Strike
2-1: Foul Ball, location: 2F
2-2: Strikes out swinging
Batting: RHB Ed Bowers 0-0: Ball
1-0: Ball
2-0: Called Strike
2-1: Ball
3-1: Base on Balls
Batting: RHB Stanley van de Ven 0-0: Called Strike
0-1: Called Strike
0-2: Ball
1-2: Foul Ball, location: 2F
1-2: Foul Ball, location: 2F
1-2: Ball
2-2: Fly out, F8 (Flyball, 8RM)
Batting: RHB Harlan Peppers 0-0: Ball
1-0: Fly out, F7 (Flyball, 78M)
Top of the 6th over - 0 runs, 0 hits, 0 errors, 1 left on base; South Beach 0 - Idaho Falls 9
BOTTOM OF THE 6TH
Idaho Falls Chukars batting - Pitching for South Beach Blaze : RHP Darren Minich
Batting: LHB Juan Rosado 0-0: Called Strike
0-1: Ball
1-1: Swinging Strike
1-2: Fly out, F7 (Flyball, 78M)
Batting: LHB Jared Morningstar 0-0: Hit by Pitch
Batting: RHB Ilkka Haapajarvi 0-0: Called Strike
0-1: Called Strike
0-2: Foul Ball, location: 2F
0-2: Ball
1-2: Reached on error, E4 (Groundball, 4)
Jared Morningstar to second
Batting: LHB Víctor Puente 0-0: Fly out, F5 (Popup, 5S)
Batting: SHB Tony Manzanares 0-0: Ball
1-0: Ball
2-0: Called Strike
2-1: Fly out, F3 (Flyball, 3D)
Bottom of the 6th over - 0 runs, 0 hits, 1 error, 2 left on base; South Beach 0 - Idaho Falls 9
TOP OF THE 7TH
South Beach Blaze batting - Pitching for Idaho Falls Chukars : RHP Ed Shreves
Batting: SHB Serious Lee 0-0: Swinging Strike
0-1: Ball
1-1: Hit by Pitch
Batting: LHB Sepulveda Zambrano 0-0: SINGLE (Groundball, 6MD)
Serious Lee to second
Runner from 2nd tries for 3rd, SAFE, no throw
Batting: LHB Raymond Graham 0-0: SINGLE (Line Drive, 8RS)
Serious Lee scores
Sepulveda Zambrano to second
Batting: LHB Marcel Escoda 0-0: Ball
1-0: Ball
2-0: Called Strike
2-1: Called Strike
2-2: Strikes out swinging
Batting: RHB Daniel Bertrand 0-0: Called Strike
0-1: Foul Ball, location: 2F
0-2: Fly out, F8 (Flyball, 89D)
Batting: RHB Greg Schiff 0-0: Foul Ball, location: 2F
0-1: SINGLE (Groundball, 56D)
Sepulveda Zambrano to third
Raymond Graham to second
Batting: RHB Ed Bowers 0-0: Ball
1-0: Ball
2-0: Ball
3-0: Base on Balls
Sepulveda Zambrano scores
Raymond Graham to third
Greg Schiff to second
Batting: RHB Stanley van de Ven 0-0: Fly out, F9 (Line Drive, 9S)
Top of the 7th over - 2 runs, 3 hits, 0 errors, 3 left on base; South Beach 2 - Idaho Falls 9
BOTTOM OF THE 7TH
Idaho Falls Chukars batting - Pitching for South Beach Blaze : RHP Darren Minich
Batting: RHB Fytor Ceia 0-0: Ball
1-0: Called Strike
1-1: Ball
2-1: Called Strike
2-2: Fly out, F7 (Line Drive, 7)
Batting: SHB Ernesto Carrión 0-0: Ball
1-0: Ball
2-0: Foul Ball, location: 2F
2-1: Ball
3-1: Fly out, F6 (Popup, 6)
Batting: RHB Yoichibei Chikafuji 0-0: Ball
1-0: Ball
2-0: TRIPLE (Flyball, 78XD)
Pitching: RHP Aaron Briggs
Batting: LHB Wulf Paauwe 0-0: Called Strike
0-1: Ball
1-1: Ball
2-1: Foul Ball, location: 2F
2-2: Strikes out swinging
Bottom of the 7th over - 0 runs, 1 hit, 0 errors, 1 left on base; South Beach 2 - Idaho Falls 9
TOP OF THE 8TH
South Beach Blaze batting - Pitching for Idaho Falls Chukars : RHP Ed Shreves
Batting: RHB Harlan Peppers 0-0: Ball
1-0: Ball
2-0: Called Strike
2-1: Ball
3-1: Ground out 6-3 (Groundball, 6)
Batting: SHB Serious Lee 0-0: Ball
1-0: Ball
2-0: Ground out U3 (Groundball, 34S)
Batting: LHB Sepulveda Zambrano 0-0: Ball
1-0: Ball
2-0: Fly out, F8 (Flyball, 8RS)
Top of the 8th over - 0 runs, 0 hits, 0 errors, 0 left on base; South Beach 2 - Idaho Falls 9
BOTTOM OF THE 8TH
Idaho Falls Chukars batting - Pitching for South Beach Blaze : RHP Aaron Briggs
Batting: LHB Juan Rosado 0-0: Foul Ball, location: 2F
0-1: Ball
1-1: Ball
2-1: Foul Ball, location: 2F
2-2: Ground out 4-3 (Groundball, 4)
Batting: LHB Jared Morningstar 0-0: Called Strike
0-1: Ball
1-1: DOUBLE (Line Drive, 89D)
Batting: RHB Ilkka Haapajarvi 0-0: Called Strike
0-1: Swinging Strike
0-2: Ball
1-2: Strikes out swinging
Batting: LHB Víctor Puente 0-0: Ball
1-0: Ground out 4-3 (Groundball, 4M)
Bottom of the 8th over - 0 runs, 1 hit, 0 errors, 1 left on base; South Beach 2 - Idaho Falls 9
TOP OF THE 9TH
South Beach Blaze batting - Pitching for Idaho Falls Chukars : RHP Ed Shreves
Batting: LHB Raymond Graham 0-0: Ground out 1-3 (Groundball, 15)
Batting: LHB Marcel Escoda 0-0: Called Strike
0-1: Called Strike
0-2: Strikes out swinging
Batting: RHB Daniel Bertrand 0-0: Ball
1-0: Ball
2-0: Foul Ball, location: 2F
2-1: SINGLE (Line Drive, 7LS)
Batting: RHB Greg Schiff 0-0: Called Strike
0-1: Ball
1-1: Ball
2-1: Ball
3-1: Base on Balls
Daniel Bertrand to second
Batting: RHB Ed Bowers 0-0: Ball
1-0: Called Strike
1-1: Swinging Strike
1-2: Strikes out looking
Top of the 9th over - 0 runs, 1 hit, 0 errors, 2 left on base; South Beach 2 - Idaho Falls 9
Tuesday, December 19th, 2017 - OOTP Baseball 18.8 Build 76